 Dungeon Crawl Stone Soup version 0.29.1-13-g9f3cf754e1 (webtiles) character file.

Game seed: 4485988029268246491

3992 jondo1214 the Cleaver (level 10, -3/86 HPs)
             Began as a Hill Orc Fighter on Jan 28, 2023.
             Was an Initiate of Beogh.
             Slain by a two-headed ogre
             ... wielding a +0 giant club
              (11 damage)
             ... on level 8 of the Dungeon.
             The game lasted 00:22:15 (9298 turns).

jondo1214 the Cleaver (Hill Orc Fighter)            Turns: 9298, Time: 00:22:15

Health: -3/86      AC: 15    Str: 24    XL:     10   Next: 23%
Magic:  10/10      EV:  8    Int:  8    God:    Beogh [......]
Gold:   255        SH: 10    Dex: 10    Spells: 6/9 levels left

rFire   . . .      SeeInvis .   a - +1 war axe
rCold   + . .      Faith    .   c - +0 buckler
rNeg    . . .      Spirit   .   m - +0 chain mail
rPois   .          Reflect  +   (no helmet)
rElec   .          Harm     .   v - +2 cloak {rCorr}
rCorr   +          Rampage  .   (no gloves)
Will    .....                   q - +0 pair of boots
Stlth   ..........              l - amulet of reflection
HPRegen 0.24/turn               k - ring of protection from cold
MPRegen 0.12/turn               (no ring)

@: no status effects
A: no striking features
a: Renounce Religion


You were on level 8 of the Dungeon.
You worshipped Beogh.
Beogh was noncommittal.
You visited 2 branches of the dungeon, and saw 10 of its levels.

You collected 555 gold pieces.
You spent 300 gold pieces at shops.

Inventory:

Hand Weapons
 a - a +1 war axe (weapon)
 n - a +0 arbalest
 u - a +4 quarterstaff of chaos
 x - a +1 vorpal falchion
 y - a +0 flail of holy wrath
Missiles
 j - 8 poisoned darts (quivered)
Armour
 c - a +0 buckler (worn)
 m - a +0 chain mail (worn)
 q - a +0 pair of boots (worn)
 v - a +2 cloak of preservation (worn)
Jewellery
 h - an amulet of faith
 k - a ring of protection from cold (left hand)
 l - an amulet of reflection (around neck)
Wands
 t - a wand of paralysis (9)
Scrolls
 b - 2 scrolls of fog
 e - 2 scrolls of teleportation
 f - 4 scrolls of magic mapping
 g - 2 scrolls of identify
 s - a scroll of summoning
Potions
 p - a potion of invisibility
 r - 2 potions of curing
 w - a potion of lignification
 z - a potion of brilliance


   Skills:
 * Level 7.1 Fighting
 * Level 12.0 Axes
 * Level 4.1 Throwing
 * Level 7.6 Armour
 + Level 0.9 Dodging
 + Level 0.1 Stealth
 * Level 6.6 Shields
 * Level 3.0 Evocations


You had 6 spell levels left.
You knew the following spells:

 Your Spells              Type           Power      Damage    Failure   Level
a - Vampiric Draining     Necr           0%         2d6       100%        3

Your spell library contained the following spells:

 Spells                   Type           Power      Damage    Failure   Level
 Slow                     Hex            0%         N/A       97%         1
 Summon Small Mammal      Summ           0%         N/A       97%         1
 Static Discharge         Conj/Air       0%         3-3/arc   99%         2
 Call Canine Familiar     Summ           0%         N/A       100%        3
 Confusing Touch          Hex            0%         N/A       100%        3
 Summon Guardian Golem    Hex/Summ       0%         N/A       100%        3
 Dispel Undead            Necr           0%         3d6       100%        4
 Sticky Flame             Conj/Fire      0%         2d3       100%        4


Dungeon Overview and Level Annotations

Branches:
Dungeon (9/15)             Temple (1/1) D:4
   Lair: D:8-11         Orc: D:9-12

Altars:
Ashenzari
Cheibriados
Dithmenos
Elyvilon
Fedhas
Gozag
Hepliaklqana
Nemelex Xobeh
Okawaru
Qazlal
Ru
Sif Muna
Trog
Uskayaw
Vehumet
Wu Jian
Xom
Yredelemnul
The Shining One

Shops:
D:3 [   D:6 *

Annotations:
D:9 Psyche


Message History

You kill the water moccasin!
Beogh accepts your kill.
Your Axes skill increases to level 12!
You start resting.
You feel a little less mighty now.
You start resting.
HP restored.
You start waiting.
Done waiting.
There is a stone staircase leading down here.
You climb downwards.
Level annotation: Psyche The two-headed ogre hits you with a +0 giant club! x2
There is a stone staircase leading up, spattered with blood here.
You slash the two-headed ogre!
The two-headed ogre is moderately wounded.
The two-headed ogre hits you with a +0 giant club.
The two-headed ogre hits you with a +0 giant club!
You slash the two-headed ogre!
The two-headed ogre is heavily wounded.
Psyche mumbles some strange words.
A swirling arc of seething chaos appears!
The arc of chaos hits the yak.
The yak appears confused.
You slash the two-headed ogre!
The two-headed ogre is heavily wounded.
The two-headed ogre hits you with a +0 giant club!!
* * * LOW HITPOINT WARNING * * *
The two-headed ogre barely misses you.
The yak gores Psyche but does no damage.
You slash the two-headed ogre!
The two-headed ogre is severely wounded.
The two-headed ogre hits you but does no damage.
The two-headed ogre hits you with a +0 giant club!
* * * LOW HITPOINT WARNING * * *
You climb upwards.
There is a stone staircase leading down here.
The two-headed ogre attacks as you move away!
The two-headed ogre barely misses you.
The two-headed ogre hits you with a +0 giant club!
You die...

......# #......# #........
~.....# #..~~..# #..######
......# #......# #........
...~..# #......#####'#####.
...~..# #######......##..........
......# #......[.....##......#...
~.....# #..........####......#...
~.....# #..........# #......#...
......# #.......@O.# #......#...
#########...)......####..........
#.'....~.....'.##..........
#.#.....~....#.##.......... ##
#.#..).~~~...#.##.....#.... .#
#.#....~~~...#..####'##.... .#
####.#.....~~..)#..####.##.... .#
#....#..........#..#....##.... .#
#.####[.........##.#.#####....


You could see a two-headed ogre.

Vanquished Creatures
  Pikel (D:8)
  4 wyverns
  3 yaks (D:9)
  4 water moccasins
  2 black bears
  2 sky beasts
  4 ogres
  2 phantoms
  3 bullfrogs
  A kobold brigand (D:6)
  3 scorpions (D:5)
  6 killer bees (D:8)
  A howler monkey (D:4)
  3 hounds
  A jelly (D:6)
  Crazy Yiuf (D:4)
  An orc priest (D:8)
  Natasha (twice) (D:3)
  An iguana (D:5)
  4 orc wizards (D:8)
  8 adders
  2 shadow imps (D:5)
  A worm (D:2)
  A dart slug (D:2)
  13 orcs
  2 endoplasms
  A giant cockroach (D:1)
  14 goblins
  12 hobgoblins
  3 jackals (D:1)
  11 kobolds
  9 ball pythons
  7 bats
  3 frilled lizards
  7 rats
143 creatures vanquished.

Vanquished Creatures (others)
  An orc priest (D:5)
  An orc (D:5)
  2 fungi (D:9)
  7 plants (D:9)
11 creatures vanquished.

Grand Total: 154 creatures vanquished

Notes
Turn   | Place    | Note
-------+----------+-------------------------------------------
     0 | D:1      | jondo1214 the Hill Orc Fighter began the quest for the Orb.
     0 | D:1      | Reached XP level 1. HP: 19/19 MP: 1/1
    83 | D:1      | Reached XP level 2. HP: 24/27 MP: 2/2
   327 | D:1      | Reached skill level 3 in Axes
   478 | D:1      | Reached XP level 3. HP: 29/33 MP: 3/3
   797 | D:2      | Found a faded altar of an unknown god.
  1000 | D:2      | Reached XP level 4. HP: 29/41 MP: 4/4
  1461 | D:3      | Found Sacvoahi's Armour Shop.
  1508 | D:3      | Learned a level 3 spell: Vampiric Draining
  1706 | D:3      | Found a white marble altar of Elyvilon.
  1843 | D:3      | Noticed Natasha
  1854 | D:3      | Killed Natasha
  2002 | D:3      | Reached XP level 5. HP: 47/47 MP: 5/5
  2011 | D:3      | Reached skill level 4 in Axes
  2533 | D:3      | Noticed Natasha
  2546 | D:3      | Killed Natasha
  2876 | D:4      | Found a staircase to the Ecumenical Temple.
  2904 | D:4      | Noticed a phantom
  2913 | D:4      | Killed a phantom
  2914 | D:4      | Reached skill level 5 in Axes
  2914 | D:4      | Reached skill level 1 in Throwing
  2914 | D:4      | Reached XP level 6. HP: 48/53 MP: 6/6
  3092 | D:4      | Found a runed translucent door.
  3093 | D:4      | Noticed Crazy Yiuf
  3106 | D:4      | Killed Crazy Yiuf
  3541 | D:4      | Found a sparkling altar of Nemelex Xobeh.
  3680 | D:4      | Found a glowing golden altar of the Shining One.
  3882 | Temple   | Entered the Ecumenical Temple
  4170 | D:5      | Entered Level 5 of the Dungeon
  4170 | D:5      | Found a shimmering altar of Xom.
  4182 | D:5      | Reached skill level 6 in Axes
  4202 | D:5      | Reached XP level 7. HP: 59/60 MP: 7/7
  4227 | D:5      | Reached skill level 5 in Armour
  4348 | D:5      | Reached skill level 5 in Fighting
  4482 | D:5      | Became a worshipper of Beogh the Brigand
  4483 | D:5      | Found a sacrificial altar of Ru.
  4700 | D:5      | Reached skill level 7 in Axes
  4799 | D:5      | Found a hide-covered altar of Uskayaw.
  5123 | D:5      | Reached XP level 8. HP: 66/68 MP: 8/8
  5138 | D:5      | Found a snail-covered altar of Cheibriados.
  6004 | D:6      | Found Neamior's Neck Hole.
  6019 | D:6      | Bought an amulet of reflection for 300 gold pieces
  6268 | D:6      | Reached skill level 8 in Axes
  6717 | D:7      | Noticed a wyvern
  6740 | D:7      | Killed a wyvern
  6741 | D:7      | Reached skill level 5 in Shields
  6741 | D:7      | Reached skill level 1 in Evocations
  6964 | D:7      | Reached skill level 9 in Axes
  7184 | D:7      | Found a shimmering blue altar of Sif Muna.
  7296 | D:7      | Reached XP level 9. HP: 72/75 MP: 9/9
  7644 | D:8      | Noticed Pikel
  7658 | D:8      | Killed Pikel
  7659 | D:8      | Reached skill level 10 in Axes
  8792 | D:9      | Noticed a two-headed ogre
  8805 | D:9      | Reached skill level 11 in Axes
  8810 | D:9      | Reached XP level 10. HP: 34/86 MP: 10/10
  8810 | D:9      | Noticed Psyche
  8832 | D:9      | HP: 4/86 [wyvern (5)]
  8867 | D:8      | Reached skill level 12 in Axes
  9298 | D:8      | Slain by a two-headed ogre

Illustrated notes

Levels and vault maps discovered:
D:1:      lightli_arrival_statuegarden, layout_basic
D:2:      layout_basic, basic_ecumenical_altar
D:3:      layout_basic, mainiacjoe_overflow_six_doors_small, serial_shops,
          nicolae_shop_crystal, uniq_natasha
D:4:      cheibrodos_greedy_goblins, layout_rooms,
          mainiacjoe_overflow_surrounded_room,
          nemelex_xobeh_ov_fountains_minmay,
          minmay_temple_entry_statues_fountains, uniq_crazy_yiuf_cottage
D:5:      layout_loops_ring, mainiacjoe_overflow_boulevard,
          amcnicky_altar_gilded, mainiacjoe_overflow_catch_the_wave
D:6:      layout_loops_ring, nicolae_shop_sticking_my_neck_out
D:7:      layout_loops_ring, lemuel_blue_sif_altar, serial_park_tiny_2
D:8:      layout_basic, uniq_pikel
D:9:      layout_loops_ring, grunt_temple_overflow_order_and_chaos_2,
          minmay_lair_entry_grove, uniq_psyche
Temple:   grunt_temple_mini_profane

Skill      XL: |  1  2  3  4  5  6  7  8  9 10 |
---------------+-------------------------------+-----
Fighting       | 4 5 6 7 |  7.1
Axes           | 3 5 6 7 9 11 12 | 12.0
Armour         | 4 5 6 7 |  7.6
Throwing       | 1 2 3 4 |  4.1
Shields        | 4 5 6 |  6.6
Evocations     | 1 2 3 |  3.0
Dodging        | |  0.9
Stealth        | |  0.1

Action                   |  1- 3 |  4- 6 |  7- 9 | 10-12 || total
-------------------------+-------+-------+-------+-------++-------
Melee: War axe           |    94 |   141 |   241 |    28 ||   504
Throw: Dart              |     3 |       |       |       ||     3
Invok: Convert to Beogh  |       |       |     1 |       ||     1
  Use: Scroll            |     5 |     2 |    14 |       ||    21
       Potion            |       |     2 |     2 |     4 ||     8
Armor: Scale mail        |    46 |     9 |       |       ||    55
       Chain mail        |       |    84 |   143 |    16 ||   243
Dodge: Dodged            |    57 |    55 |    81 |    16 ||   209
Block: Buckler           |    23 |    32 |   118 |    21 ||   194
       Reflection        |       |       |     1 |       ||     1
